 Dungeon Crawl Stone Soup version 0.26.0-20-g3ca415f5b8 (webtiles) character file.

Game seed: 15182030394701780418

43 iamoutofideas the Chiller (level 3, 23/24 HPs)
             Began as a Demonspawn Ice Elementalist on Jan 25, 2021.
             Quit the game on level 2 of the Dungeon.
             The game lasted 00:02:21 (1229 turns).

iamoutofideas the Chiller (DsIE)                    Turns: 1229, Time: 00:02:21

Health: 23/24      AC:  2    Str:  8    XL:     3   Next: 37%
Magic:  14/16      EV: 12    Int: 17    God:
Gold:   93         SH:  0    Dex: 13    Spells: 6/7 levels left

rFire    . . .     SeeInvis .   d - +2 dagger (vamp)
rCold    . . .     Faith    .   (no shield)
rNeg     . . .     Spirit   .   a - +0 robe
rPois    .         Reflect  .   (no helmet)
rElec    .         Harm     .   (no cloak)
rCorr    .         Rampage  .   (no gloves)
Will     .....                  (no boots)
Stlth    ++........             (no amulet)
HPRegen  0.08/turn              (no ring)
MPRegen  0.15/turn              j - ring of magical power

@: very slightly contaminated
A: miasma immunity
a: no special abilities


You were on level 2 of the Dungeon.
You visited 1 branch of the dungeon, and saw 2 of its levels.

You collected 93 gold pieces.

Inventory:

Hand Weapons
 d - a +2 vampiric dagger (weapon)
Armour
 a - a +0 robe (worn)
Jewellery
 j - a ring of magical power (right hand)
Scrolls
 g - a scroll of remove curse
 h - a scroll of identify
Potions
 b - 2 potions of heal wounds
 c - a potion of haste {unknown}
 e - a potion of curing {unknown}
 f - a potion of mutation {unknown}
 k - a potion of degeneration {unknown}


   Skills:
 - Level 1.7 Dodging
 - Level 1.7 Stealth
 * Level 2.9 Spellcasting
 + Level 4.2 Ice Magic


You had 6 spell levels left.
You knew the following spells:

 Your Spells              Type           Power        Failure   Level
a - Freeze                Ice            64%          3%          1

Your spell library contained the following spells:

 Spells                   Type           Power        Failure   Level
 Frozen Ramparts          Ice            32%          10%         3
 Ozocubu's Armour         Ice            16%          10%         3
 Hailstorm                Conj/Ice       9%           58%         4
 Summon Ice Beast         Ice/Summ       9%           58%         4


Dungeon Overview and Level Annotations

Branches:
Dungeon (2/15)

Altars:


Innate Abilities, Weirdness & Mutations

You are immune to miasma.


Message History

The giant cockroach is moderately wounded.
The giant cockroach misses you. The giant cockroach bites you.
Casting: Freeze (safe; 3% risk of failure)
Confirm with . or Enter, or press ? or * to list all spells.
Aiming: Freeze (safe; 3% risk of failure)
Press: ? - help, Shift-Dir - straight line, f - giant cockroach
Aim: a giant cockroach (moderately wounded)
You miscast Freeze.
You are very lightly contaminated with residual magic.
Nothing appears to happen.
The giant cockroach completely misses you.
Casting: Freeze (safe; 3% risk of failure)
Confirm with . or Enter, or press ? or * to list all spells.
Aiming: Freeze (safe; 3% risk of failure)
Press: ? - help, Shift-Dir - straight line, f/p - giant cockroach
Aim: a giant cockroach (moderately wounded)
You freeze the giant cockroach!
You kill the giant cockroach!
Unknown command.
Are you sure you want to abandon this character and quit the game? (Confirm with "yes".)

#.#####.####
#..<.......
.....#.###.####
... #. . .. #
.##.##.#####
#.......†@..# .
......###.# ##
##### #.#
#.##########(#
#..........#.#
##########.#.#
#.#.# #.#.#
#.#.#


There were no monsters in sight!

Vanquished Creatures
  An adder (D:2)
  An ooze (D:2)
  2 dart slugs (D:1)
  5 bats
  A giant cockroach (D:2)
  4 goblins (D:1)
  2 hobgoblins
  4 jackals (D:2)
  2 frilled lizards (D:1)
  2 kobolds (D:1)
  A rat (D:2)
25 creatures vanquished.

Notes
Turn   | Place    | Note
-------+----------+-------------------------------------------
     0 | D:1      | iamoutofideas the Demonspawn Ice Elementalist began the
                  | quest for the Orb.
     0 | D:1      | Reached XP level 1. HP: 13/13 MP: 3/3
   106 | D:1      | Gained mutation: You are immune to miasma. [demonic
                  | ancestry]
   106 | D:1      | Reached XP level 2. HP: 17/19 MP: 0/5
   252 | D:1      | Reached skill level 4 in Ice Magic
  1060 | D:2      | Reached XP level 3. HP: 24/24 MP: 6/6
  1229 | D:2      | Quit the game

Illustrated notes

Levels and vault maps discovered:
D:1:      dpeg_arrival_arbitrary_b, layout_basic
D:2:      layout_loops_ring

Skill      XL: |  1  2 |
---------------+-------+-----
Ice Magic      | 4 |  4.2
Dodging        | |  1.7
Stealth        | |  1.7
Spellcasting   | |  2.9

Action                   || total
-------------------------++-------
Melee: Unarmed           ||    11
       Dagger            ||    15
 Cast: Freeze            ||    38
  Use: Scroll            ||     4
Armor: Robe              ||    16
Dodge: Dodged            ||    47
